 Dungeon Crawl Stone Soup version 0.19.4-9-g45fd643 (webtiles) character file.

1262 protoss039 the Conjurer (level 8, -31/71 HPs)
             Began as a Yellow Draconian Conjurer on Feb 17, 2017.
             Killed from afar by vatarom's ghost (34 damage)
             ... with a bolt of negative energy
             ... on level 6 of the Dungeon.
             The game lasted 00:23:54 (6578 turns).

protoss039 the Conjurer (Yellow Draconian Conjurer) Turns: 6578, Time: 00:23:54

Health: -31/71     AC:  7    Str: 11    XL:     8   Next: 27%
Magic:  2/14       EV: 10    Int: 18    God:
Gold:   269        SH:  0    Dex:  7    Spells: 3 memorised, 8 levels left

rFire  + . .     SeeInvis .     y - +1 short sword (protect)
rCold  . . .     Gourm    .     (armour unavailable)
rNeg   . . .     Faith    .     c - +0 buckler
rPois  .         Spirit   .     (helmet restricted)
rElec  .         Reflect  .     l - +0 cloak
rCorr  +         Harm     .     (no gloves)
MR     +....                    (no boots)
Stlth  +.........               (no amulet)
                                e - ring of protection from fire
                                h - ring of protection from magic

@: confused, lethally poisoned (-31 -> -33), very slightly contaminated, hasted,
heavily drained, very quick
A: spit acid, acid resistance, unfitting armour, blink, clumsy 2, mutation
resistance 1, cold-blooded, AC +6
a: Spit Acid, Blink


You were on level 6 of the Dungeon.
You were not hungry.

You visited 1 branch of the dungeon, and saw 6 of its levels.

You collected 269 gold pieces.

Inventory:

Hand Weapons
 o - a +0 short sword
 y - a +1 short sword of protection (weapon)
Missiles
 q - 7 javelins (quivered)
Armour
 c - a +0 buckler (worn)
 l - a +0 cloak (worn)
Jewellery
 e - a ring of protection from fire (right hand)
 h - a ring of protection from magic (left hand)
Wands
 i - a wand of random effects (30/48)
 x - a wand of paralysis (7/24)
 z - a wand of iceblast (11/15)
 E - a wand of confusion (13/48)
Scrolls
 d - 6 scrolls of remove curse
 g - 2 scrolls of enchant armour {unknown}
 m - a scroll of fear {unknown}
 n - 2 scrolls of recharging {unknown}
 r - 3 scrolls of identify
 s - 4 scrolls of teleportation {unknown}
 v - 2 scrolls of noise {unknown}
 w - a scroll of random uselessness {unknown}
 A - a scroll of magic mapping
 C - 2 scrolls of amnesia {unknown}
 D - a scroll of fog {unknown}
Potions
 j - 2 potions of flight {unknown}
 k - a potion of cancellation {unknown}
 u - 2 potions of degeneration {unknown}
 B - a potion of brilliance {unknown}
Books
 a - a book of Conjurations

   Spells                             Type                      Level
   a - Magic Dart                     Conjuration                  1
   b - Searing Ray                    Conjuration                  2
   c - Dazzling Spray                 Conjuration/Hexes            3
   d - Fulminant Prism                Conjuration/Hexes            4
   e - Iskenderun's Mystic Blast      Conjuration                  4
   f - Iskenderun's Battlesphere      Conjuration/Charms           5
Comestibles
 b - 5 bread rations
 f - a meat ration
 p - 3 fruits


   Skills:
 - Level 6.7(4.8) Fighting
 - Level 1.7(0.1) Dodging
 - Level 1.8(0.2) Stealth
 * Level 0.0 Shields
 - Level 4.4(2.6) Spellcasting
 - Level 7.5(5.5) Conjurations


You had 8 spell levels left.
You knew the following spells:

 Your Spells              Type           Power        Failure   Level  Hunger
a - Magic Dart            Conj           ###.         3%          1    #......
b - Searing Ray           Conj           ###...       6%          2    ##.....
c - Iskenderun's Mystic   Conj           ###.....     30%         4    #####..


Dungeon Overview and Level Annotations

Branches:
Dungeon (6/15)
 Temple: D:4-7

Altars:
Dithmenos
Makhleb
Nemelex Xobeh
Xom
The Shining One

Shops:
D:5 *

Annotations:
D:3 exclusion: downstairs
D:6 vatarom's ghost, novice DrVM


Innate Abilities, Weirdness & Mutations

You can spit globs of acid.
You are resistant to acid.
Your golden yellow scales are hard. (AC +6)
You cannot fit into any form of body armour.
You are cold-blooded and may be slowed by cold attacks.
You can translocate small distances at will.
You are very clumsy. (Dex -4)
You are somewhat resistant to further mutation.


Message History

You are engulfed in noxious fumes.
You choke on the stench!
You are confused.
* * * LOW HITPOINT WARNING * * *
You feel sick.
You closely miss vatarom's ghost.
Vatarom's ghost is moderately damaged.
You are engulfed in noxious fumes.
You choke on the stench!
You are more confused.
* * * LOW HITPOINT WARNING * * *
Vatarom's ghost hits you.
* * * LOW HITPOINT WARNING * * *
Unknown command.
Unknown command.
Okay, then.
You're too confused!
Unknown command.
Unknown command.
Vatarom's ghost breathes negative energy at you.
The bolt of negative energy hits you!
You feel drained.
You die...

#..................
#..................%
#...................
###.(.................
....... ..............
....... ...........
.......###+#......#
.......'ยงยง.@......#
.......#W..#......#
###....#...#......#
#..<.#...#......# ##
#....#...#......#
.#######....#...#......#
.##....#....#...#......+
.......#....#...#...>..#
.......#....###'.......#


You could see vatarom's ghost.

Vanquished Creatures
  A hippogriff (D:5)
  Menkaure (D:5)
  A water moccasin (D:5)
  A sky beast (D:4)
  A phantom (D:4)
  A centaur (D:4)
  A scorpion (D:5)
  2 crimson imps (D:5)
  A bullfrog zombie (D:5)
  4 hounds
  An orc priest (D:4)
  Terence (D:3)
  3 worker ants
  A hound skeleton (D:5)
  4 gnolls
  3 adders
  A howler monkey skeleton (D:4)
  2 oozes
  3 worms
  4 dart slugs
  8 leopard geckos
  9 orcs
  6 giant cockroaches
  6 hobgoblins
  6 jackals
  2 quokkas
  6 ball pythons
  5 bats
  3 frilled lizards
  10 goblins
  4 kobolds
  4 rats
106 creatures vanquished.

Notes
Turn   | Place    | Note
-------+----------+-------------------------------------------
     0 | D:1      | protoss039 the Draconian Conjurer began the quest for the Orb.
     0 | D:1      | Reached XP level 1. HP: 14/14 MP: 3/3
   230 | D:1      | Reached XP level 2. HP: 20/20 MP: 0/5
  1145 | D:2      | Reached XP level 3. HP: 26/26 MP: 3/6
  1157 | D:2      | Found a shimmering altar of Xom.
  1158 | D:2      | Found a shimmering altar of Xom.
  1158 | D:2      | Found a shimmering altar of Xom.
  1239 | D:2      | Reached skill level 5 in Conjurations
  1357 | D:2      | Found a glowing golden altar of the Shining One.
  1359 | D:2      | Found a burning altar of Makhleb.
  1359 | D:2      | Found a shadowy altar of Dithmenos.
  1456 | D:2      | Found a faded altar of an unknown god.
  1627 | D:2      | Noticed Terence
  1640 | D:2      | Reached XP level 4. HP: 22/33 MP: 0/7
  2176 | D:3      | Reached skill level 6 in Conjurations
  2405 | D:3      | Reached skill level 1 in Fighting
  2405 | D:3      | Reached XP level 5. HP: 40/40 MP: 1/8
  2418 | D:3      | Learned a level 2 spell: Searing Ray
  2423 | D:3      | Learned a level 4 spell: Iskenderun's Mystic Blast
  3306 | D:3      | Killed Terence
  3680 | D:4      | Noticed a centaur
  4014 | D:3      | Reached XP level 6. HP: 21/50 MP: 4/10
  4767 | D:4      | Found a sparkling altar of Nemelex Xobeh.
  4918 | D:5      | Entered Level 5 of the Dungeon
  4918 | D:5      | Noticed a sky beast
  4931 | D:5      | Your scales start taking on a golden yellow colour.
  4931 | D:5      | Reached XP level 7. HP: 51/59 MP: 11/11
  4980 | D:4      | Gained mutation: You are clumsy. (Dex -2) [mutagenic meat]
  4982 | D:4      | Gained mutation: You can translocate small distances at will. [mutagenic meat]
  4983 | D:4      | Gained mutation: You are somewhat resistant to further mutation. [mutagenic meat]
  4985 | D:4      | Gained mutation: You are very clumsy. (Dex -4) [mutagenic meat]
  5373 | D:5      | Reached skill level 5 in Fighting
  5373 | D:5      | Reached skill level 7 in Conjurations
  5413 | D:5      | Noticed Menkaure
  5418 | D:5      | Killed Menkaure
  5573 | D:5      | Noticed a hippogriff
  5589 | D:5      | Killed a hippogriff
  5589 | D:5      | Reached XP level 8. HP: 25/70 MP: 2/14
  6011 | D:5      | Found Rekhiel's Serpentskin Sales.
  6544 | D:6      | Noticed vatarom's ghost (novice DrVM)
  6576 | D:6      | HP: 2/71 [vatarom's ghost (3)]
  6578 | D:6      | Killed from afar by vatarom's ghost

Skill      XL: |  1  2  3  4  5  6  7 |
---------------+----------------------+-----
Conjurations   | 5 6 7 |  7.5
Fighting       | 1 2 4 6 |  6.7
Spellcasting   | 3 4 |  4.4
Dodging        | |  1.7
Stealth        | |  1.8

Action                   |  1- 3 |  4- 6 |  7- 9 || total
-------------------------+-------+-------+-------++-------
Melee: Unarmed           |    31 |       |       ||    31
       Tailslap          |     3 |    16 |    10 ||    29
       Short sword       |    10 |   175 |   148 ||   333
 Cast: Magic Dart        |    68 |    77 |    52 ||   197
       Searing Ray       |       |     2 |     5 ||     7
       Iskenderun's Myst |       |     3 |     3 ||     6
 Abil: Spit Acid         |       |       |     1 ||     1
Evoke: Wand              |       |       |     4 ||     4
  Use: Scroll            |     2 |       |     2 ||     4
       Potion            |       |     8 |     5 ||    13
 Stab: Sleeping          |       |     1 |       ||     1
  Eat: Chunk             |     3 |    12 |    10 ||    25
       Pizza             |       |       |     2 ||     2
Armor: Skin              |    14 |    98 |    79 ||   191
Dodge: Dodged            |    28 |   169 |    99 ||   296
Block: Buckler           |       |       |     5 ||     5
